 Dungeon Crawl Stone Soup version 0.28-a0-119-ga52ba8600a (webtiles) character file.

Game seed: 1971546535841672416

6217 Ezendos the Fighter (level 10, -4/111 HPs)
             Began as an Octopode Fighter on Aug 13, 2021.
             Slain by a troll (13 damage)
             ... on level 10 of the Dungeon.
             The game lasted 00:20:46 (13752 turns).

Ezendos the Fighter (Octopode Fighter)             Turns: 13752, Time: 00:20:46

Health: -4/111     AC: 25    Str: 17    XL:     10   Next: 92%
Magic:  10/10      EV:  2    Int: 13    God:
Gold:   384        SH: 16    Dex: 11    Spells: 6/9 levels left

rFire   + . .      SeeInvis .   e - +0 falchion (elec)
rCold   . . .      Faith    .   b - +0 kite shield
rNeg    + + +      Spirit   .   (helmet currently unavailable)
rPois   +          Reflect  +   d - amulet of reflection
rElec   .          Harm     .   w - ring of wizardry
rCorr   +          Rampage  .   I - ring of protection from fire
Will    .....      NoTele   +   H - ring of resist corrosion
Stlth   +++.......              (no ring)
HPRegen 0.28/turn               (no ring)
MPRegen 0.12/turn               (no ring)
                                (no ring)
                                (no ring)

@: tree-form
A: stationary, stasis, torment immunity, boosted hp, almost no armour,
(amphibious), 8 rings, (camouflage 1), (gelatinous body 1), (nimble swimmer 1),
(tentacles)
a: no special abilities


You were on level 10 of the Dungeon.
You were a tree.
You visited 3 branches of the dungeon, and saw 12 of its levels.
You also visited: Sewer and Bailey.

You collected 396 gold pieces.
You spent 12 gold pieces at shops.

Inventory:

Hand Weapons
 e - a +0 falchion of electrocution (weapon)
 C - the +5 whip "Moahubij" {vorpal, Fly Will+}
   (You found it on level 5 of the Dungeon)

   It inflicts extra damage upon your enemies.
   Fly:       It grants you flight.
   Will:      It increases your willpower.
 E - a +2 vorpal long sword
Missiles
 i - 43 stones
 k - 58 poisoned darts (quivered)
 v - 2 silver boomerangs
 y - 11 boomerangs
 K - a curare-tipped dart
Armour
 b - a +0 kite shield (worn)
Jewellery
 d - an amulet of reflection (around neck)
 w - a ring of wizardry (left branch)
 H - a ring of resist corrosion (on tentacle)
 I - a ring of protection from fire (right branch)
Wands
 c - a wand of acid (17)
 o - a wand of polymorph (14)
 z - a wand of flame (1)
 L - a wand of charming (13)
Scrolls
 a - 3 scrolls of identify
 g - a scroll of enchant weapon {unknown}
 m - 3 scrolls of teleportation
 n - a scroll of blinking
 x - a scroll of summoning
 D - a scroll of vulnerability
 G - a scroll of fog
 J - a scroll of acquirement {unknown}
Potions
 f - a potion of mutation
 h - a potion of haste
 j - 4 potions of flight
 p - a potion of cancellation
 q - 3 potions of invisibility
 r - 3 potions of might
 t - a potion of magic
 u - a potion of resistance
 A - a potion of brilliance
 F - a potion of attraction


   Skills:
 + Level 9.0 Fighting
 - Level 8.0 Long Blades
 + Level 3.8 Throwing
 - Level 6.0 Dodging
 + Level 5.7 Stealth
 + Level 9.0 Shields


You had 6 spell levels left.
You knew the following spells:

 Your Spells              Type           Power      Damage    Failure   Level
a - Frozen Ramparts       Ice            0%         1d2       58%         3

Your spell library contained the following spells:

 Spells                   Type           Power      Damage    Failure   Level
 Animate Skeleton         Necr           0%         N/A       26%         1
 Pain                     Necr           0%         1d4       26%         1
 Slow                     Hex            0%         N/A       36%         2
 Confusing Touch          Hex            0%         N/A       58%         3
 Gell's Gravitas          Tloc           0%         N/A       58%         3
 Lesser Beckoning         Tloc           0%         N/A       58%         3
 Teleport Other           Tloc           0%         N/A       58%         3
 Vampiric Draining        Necr           0%         2d6       58%         3
 Ice Form                 Ice/Tmut       0%         N/A       92%         4
 Summon Ice Beast         Ice/Summ       0%         N/A       92%         4


Dungeon Overview and Level Annotations

Branches:
Dungeon (10/15)            Temple (1/1) D:7            Lair (1/6) D:9
  Sewer (visited)          Bailey (visited)
    Orc: D:9-12

Altars:
Ashenzari
Cheibriados
Dithmenos
Elyvilon
Fedhas
Gozag
Hepliaklqana
Kikubaaqudgha
Makhleb
Nemelex Xobeh
Qazlal
Sif Muna
Trog
Uskayaw
Vehumet
Wu Jian
The Shining One

Shops:
D:1 !   D:2 [   D:6 [

Annotations:
D:3 1 runed translucent door, Ijyb; Sigmund; bmj180's ghost, amateur DrCj
D:5 exclusions: howler monkey, orc wizard and scorpion
D:6 exclusion: acid dragon
D:8 exclusions: cyclops, hydra, 2 killer bees and 2 kobolds


Innate Abilities, Weirdness & Mutations

You are a tree.
Your roots penetrate the ground, keeping you stationary.
You cannot be teleported.
You are immune to unholy pain and torment.
Your maximum health is greatly increased.
You cannot wear most types of armour.
((You are amphibious.))
You can wear up to eight rings at the same time.
((Your skin changes colour to match your surroundings (Stealth+).))
((Your rubbery body absorbs attacks. (AC +1, EV +1)))
((You are camouflaged near water. (Stealth+)))
((You have tentacles for arms and can constrict up to eight enemies at once.))


Message History

You feel better. You block the troll's attack.
The troll claws you but does no damage. You block the troll's attack.
You feel better. The troll bites you but does no damage. The troll claws you.
* * * LOW HITPOINT WARNING * * *
The troll claws you but does no damage.
You feel better. You block the troll's attack. The troll barely misses you.
The troll claws you but does no damage.
You feel better. You block the troll's attack. x2
The troll claws you but does no damage.
Okay, then.
You hit the troll but do no damage.
The troll is moderately wounded.
The troll bites you.
* * * LOW HITPOINT WARNING * * *
The troll claws you but does no damage. The troll claws you.
* * * LOW HITPOINT WARNING * * *
You barely miss the troll.
The troll is moderately wounded.
You block the troll's attack.
The troll claws you but does no damage. x2
You completely miss the troll.
The troll is moderately wounded.
The troll bites you.
* * * LOW HITPOINT WARNING * * *
The troll claws you but does no damage. x2
Aiming: Corrosive Bolt
Press: ? - help, Shift-Dir - straight line, f - troll
Aim: a troll (lightly wounded, 71% to hit)
The bolt of acid misses the troll.
The troll bites you.
* * * LOW HITPOINT WARNING * * *
You block the troll's attack. The troll claws you.
* * * LOW HITPOINT WARNING * * *
That's the wrong kind of item! (Use * to select it.) Evoke which item? (* to show all) (? for menu, Esc to quit)
Aiming: Corrosive Bolt
Press: ? - help, Shift-Dir - straight line, f/p - troll
Aim: a troll (lightly wounded, 71% to hit)
The bolt of acid hits the troll!
The troll is splashed with acid.
The troll is heavily wounded.
The troll bites you!
You die...

#### #..###
#..#..# ...####♣#
### #T# #.# #.# #
#.## .# ..###.###
##..#..#
.....T..###......#
.#####..........##
#....#####.##


You could see a troll.

Vanquished Creatures
  Pikel (D:9)
  Maggie (D:7)
  A komodo dragon (D:9)
  A troll (D:9)
  Grinder (D:3)
  2 hornets
  A wyvern (D:7)
  5 yaks
  A water moccasin (D:6)
  An orc warrior (D:9)
  A sky beast (D:5)
  2 ogres
  3 black bears
  2 ice beasts
  2 necrophages (D:7)
  2 centaurs
  2 phantoms
  4 lemures (D:9)
  2 kobold brigands
  Blork the orc (D:5)
  4 bullfrogs
  A scorpion (D:4)
  2 wyvern zombies
  A water moccasin zombie (D:6)
  4 killer bees
  5 wights (D:8)
  2 howler monkeys (D:6)
  2 crimson imps
  2 centaur skeletons
  2 centaur zombies
  A hound (D:5)
  5 orc priests
  A jelly (D:7)
  4 bullfrog skeletons
  2 iguanas
  3 orc wizards
  A killer bee zombie (D:8)
  2 hound zombies (D:5)
  A howler monkey zombie (D:5)
  Robin (D:3)
  6 adders
  5 river rats (Sewer)
  A shadow imp (D:8)
  3 white imps
  An ufetubus (D:5)
  An adder zombie (D:5)
  A worm (D:5)
  A dart slug (D:1)
  33 orcs
  9 ball pythons
  4 endoplasms
  7 giant cockroaches
  4 hobgoblins
  5 jackals (D:1)
  5 quokkas
  3 bats
  6 frilled lizards
  21 goblins
  3 goblin skeletons (D:3)
  A hobgoblin zombie (D:3)
  23 kobolds
  A kobold skeleton (D:3)
  2 orc skeletons (D:3)
  2 orc zombies (D:3)
  22 rats
252 creatures vanquished.

Vanquished Creatures (others)
  2 kobolds
  5 plants (D:9)
7 creatures vanquished.

Grand Total: 259 creatures vanquished

Notes
Turn   | Place    | Note
-------+----------+-------------------------------------------
     0 | D:1      | Ezendos the Octopode Fighter began the quest for the Orb.
     0 | D:1      | Reached XP level 1. HP: 16/16 MP: 1/1
    59 | D:1      | Reached skill level 1 in Stealth
   269 | D:1      | Reached XP level 2. HP: 8/21 MP: 2/2
   632 | D:1      | Found Xiageusm's Distillery.
   641 | D:1      | Bought a potion of degeneration for 12 gold pieces
   951 | D:1      | Reached XP level 3. HP: 26/26 MP: 3/3
  1353 | D:2      | Found Giugoah's Armour Boutique.
  2198 | D:3      | Found a runed translucent door.
  2488 | D:3      | Noticed Ijyb
  2540 | D:3      | Noticed bmj180's ghost (amateur DrCj)
  2557 | D:3      | Noticed Robin
  2696 | D:3      | Reached XP level 4. HP: 26/31 MP: 4/4
  2817 | D:3      | Noticed Grinder
  2835 | D:3      | Killed Grinder
  2836 | D:3      | Reached XP level 5. HP: 20/38 MP: 5/5
  2836 | D:3      | Reached XP level 6. HP: 23/44 MP: 6/6
  2838 | D:3      | Killed Robin
  3202 | D:3      | Found a glowing golden altar of the Shining One.
  3333 | D:3      | Noticed Sigmund
  3516 | D:4      | Found a glowing drain.
  3521 | Sewer    | Entered a sewer
  3581 | Sewer    | Reached skill level 5 in Fighting
  3790 | Sewer    | Reached XP level 7. HP: 44/50 MP: 7/7
  4529 | Sewer    | Identified the +9 plate armour "Zipheim" {*Corrode rF+++
                  | Str-4 Int+5}
  4943 | D:4      | Found a shadowy altar of Dithmenos.
  5184 | D:4      | Found a radiant altar of Vehumet.
  5184 | D:4      | Found a burning altar of Makhleb.
  5193 | D:4      | Reached skill level 5 in Long Blades
  5702 | D:5      | Entered Level 5 of the Dungeon
  5830 | D:5      | Reached XP level 8. HP: 53/58 MP: 8/8
  5860 | D:5      | Identified the +5 whip "Moahubij" {vorpal, Fly Will+}
  5873 | D:5      | Reached skill level 5 in Shields
  6530 | D:5      | Noticed Blork the orc
  6539 | D:5      | Killed Blork the orc
  7217 | D:6      | Reached XP level 9. HP: 44/66 MP: 9/9
  7379 | D:6      | Found a hide-covered altar of Uskayaw.
  7509 | D:6      | Found Hiaxt's Armour Shop.
  7737 | D:6      | Found an ancient bone altar of Kikubaaqudgha.
  7944 | D:6      | Reached skill level 5 in Dodging
  8012 | D:6      | Learned a level 3 spell: Frozen Ramparts
  8097 | D:6      | Found a snail-covered altar of Cheibriados.
  8700 | D:7      | Noticed a hornet
  8715 | D:7      | Killed a hornet
  9268 | D:7      | Noticed Maggie
  9276 | D:7      | Killed Maggie
  9277 | D:7      | Reached XP level 10. HP: 72/72 MP: 10/10
  9285 | D:7      | Found a staircase to the Ecumenical Temple.
  9624 | D:8      | Found a flagged portal.
  9633 | Bailey   | Entered a bailey
  9979 | D:8      | Found a snail-covered altar of Cheibriados.
 10230 | D:8      | Reached skill level 1 in Throwing
 10468 | D:8      | Noticed a five-headed hydra
 10471 | D:8      | Noticed a cyclops
 11113 | Temple   | Entered the Ecumenical Temple
 12573 | D:9      | Reached skill level 5 in Stealth
 12662 | D:9      | Noticed Pikel
 12705 | D:9      | Killed Pikel
 13048 | D:9      | Found a staircase to the Lair.
 13681 | Lair:1   | Entered Level 1 of the Lair of Beasts
 13695 | D:10     | Entered Level 10 of the Dungeon
 13743 | D:10     | HP: 1/111 [troll (9)]
 13752 | D:10     | Slain by a troll

Illustrated notes

Levels and vault maps discovered:
D:1:      co_arrival_random_square_maze, layout_loops_ring, serial_shops,
          nicolae_shop_stone, glass_columns_b
D:2:      layout_basic, serial_shops, nicolae_shop_waterfront
D:3:      layout_rooms, minitemple, nicolae_tso_besieged_by_evil, zin_treasury,
          ebering_ghost_inner_flame, patterned_corridor, uniq_sigmund,
          uniq_grinder, uniq_ijyb, uniq_robin
D:4:      layout_basic, mainiacjoe_overflow_tiny_flanked,
          grunt_temple_overflow_lords_of_destruction, gup_sewer_entry_pipe,
          minmay_misc_feat_cross, chequers_serial_rivers_room_b
D:5:      kennysheep_windowed_halls, layout_basic, uniq_blork_the_orc
D:6:      cheibrodos_two_vegetables, layout_basic, mainiacjoe_overflow_24_doors,
          serial_shops, nicolae_square_shop, hangedman_feature_mirror
D:7:      layout_basic, minmay_temple_entry_glassed_door,
          kennysheep_generic_room_7, uniq_maggie
D:8:      layout_basic, mainiacjoe_overflow_chevrons, enter_bailey_3
D:9:      layout_basic, david_lair_shrubbed, uniq_pikel
D:10:     layout_layer_cave
Temple:   eino_temple_lava
Lair:1:   layout_big_grid, gammafunk_ghost_icy

Skill      XL: |  1  2  3  4  5  6  7  8  9 10 |
---------------+-------------------------------+-----
Stealth        | 2 3 5 |  5.7
Long Blades    | 3 4 5 7 8 |  8.0
Fighting       | 4 5 6 7 8 9 |  9.0
Shields        | 4 5 7 9 |  9.0
Dodging        | 4 6 |  6.0
Throwing       | 3 |  3.8

Action                   |  1- 3 |  4- 6 |  7- 9 | 10-12 || total
-------------------------+-------+-------+-------+-------++-------
Melee: Falchion          |    68 |    92 |   256 |   183 ||   599
       Long sword        |     4 |       |     3 |       ||     7
       Constrict         |    18 |    29 |    45 |    28 ||   120
       Tentacles         |     5 |    21 |    57 |    48 ||   131
       Whip              |       |       |     3 |       ||     3
Throw: Stone             |     4 |       |       |       ||     4
       Dart              |       |       |    22 |    19 ||    41
Evoke: Wand              |       |       |       |     2 ||     2
  Use: Potion            |       |     1 |     7 |     7 ||    15
       Scroll            |       |     3 |     7 |     3 ||    13
 Stab: Sleeping          |    11 |     4 |     6 |     3 ||    24
       Distracted        |       |       |       |     1 ||     1
Armor: Skin              |     7 |     3 |    23 |    16 ||    49
Dodge: Dodged            |    22 |    23 |    81 |    63 ||   189
Block: Kite shield       |    38 |    70 |   199 |   148 ||   455
       Reflection        |     2 |     3 |     9 |     2 ||    16
       Rpst.: Falchion   |     4 |     6 |    20 |     8 ||    38

Table legend: (Time is in decaauts)
 A = Elapsed time spent in this place.
 B = Non-inter-level travel time spent in this place.
 C = Inter-level travel time spent in this place.
 D = Time resting spent in this place.
 E = Time spent auto-exploring this place.
 F = Levels seen in this place.
 G = Mean time per level.
                   A        B        C        D        E       F      G
               +--------+--------+--------+--------+--------+-----+--------+
         Total |  13867 |  13361 |    506 |   2464 |   8395 |  14 |  990.5 |
       Dungeon |  12606 |  12101 |    505 |   2266 |   7733 |  10 | 1260.6 |
        Temple |    109 |    109 |      0 |      0 |     60 |   1 |  109.0 |
          Lair |      2 |      2 |      0 |      0 |      0 |   1 |    2.0 |
         Sewer |   1090 |   1090 |      0 |    160 |    602 |   1 | 1090.0 |
        Bailey |     58 |     58 |      0 |     38 |      0 |   1 |   58.0 |
               +--------+--------+--------+--------+--------+-----+--------+

Top non-repeatable levels by time:
     D:8: 2139 daAuts
     D:9: 1735 daAuts
     D:6: 1608 daAuts
     D:5: 1299 daAuts
     D:3: 1226 daAuts
     D:2: 1162 daAuts
     D:4: 1143 daAuts
     D:1: 1141 daAuts
     D:7: 1092 daAuts
   Sewer: 1090 daAuts
  Temple: 109 daAuts
  Bailey: 58 daAuts
    D:10: 56 daAuts
  Lair:1: 2 daAuts
